 Dungeon Sprint DCSS version 0.27.1-35-g4d5d836560 (webtiles) character file.

Game seed: 14497870968175927223

29 Baz the Firebug (level 3, -6/43 HPs)
             Began as a Draconian Fire Elementalist on May 1, 2022.
             Mangled by Crazy Yiuf (10 damage)
             ... in the Dungeon (Sprint III: "The Ten Rune Challenge").
             The game lasted 00:01:36 (389 turns).

Baz the Firebug (Draconian Fire Elementalist)        Turns: 389, Time: 00:01:36

Health: -6/43      AC:  5    Str: 10    XL:     3   Next: 1%
Magic:  2/8        EV: 12    Int: 16    God:
Gold:   0          SH:  0    Dex: 11    Spells: 5/9 levels left

rFire    . . .     SeeInvis .   (no weapon)
rCold    . . .     Faith    .   (no shield)
rNeg     . . .     Spirit   .   (armour unavailable)
rPois    .         Reflect  .   (helmet restricted)
rElec    .         Harm     .   (no cloak)
rCorr    .         Rampage  .   (no gloves)
Will     .....     NoTele   +   (no boots)
Stlth    ..........             (no amulet)
HPRegen  0.14/turn              (no ring)
MPRegen  0.11/turn              (no ring)

@: berserking, very quick
A: AC +5, unfitting armour, cold-blooded
a: no special abilities


You were in the Dungeon.
You visited 1 branch

Inventory:

Scrolls
 f - a scroll of blinking
Potions
 c - a potion of haste
 d - 2 potions of magic


   Skills:
 + Level 2.2 Fighting
 - Level 1.7 Dodging
 - Level 1.7 Stealth
 * Level 3.7 Spellcasting
 + Level 2.4 Conjurations
 * Level 4.6 Fire Magic


You had 5 spell levels left.
You knew the following spells:

 Your Spells              Type           Power      Damage    Failure   Level
a - Foxfire               Conj/Fire      56%        2x1d6     4%          1
b - Conjure Flame         Conj/Fire      14%        6-21      12%         3

Your spell library contained the following spells:

 Spells                   Type           Power      Damage    Failure   Level
 Inner Flame              Hex/Fire       10%        N/A       21%         3
 Sticky Flame             Conj/Fire      14%        2d4       38%         4
 Fireball                 Conj/Fire      7%         3d5       75%         5


Dungeon Overview and Level Annotations

Branches:
Dungeon (1/1)

Altars:

Annotations:
D Crazy Yiuf


Innate Abilities, Weirdness & Mutations

Your plain brown scales are hard. (AC +5)
You cannot fit into any form of body armour.
You are cold-blooded and may be slowed by cold attacks.


Message History

Confirm with . or Enter, or press ? or * to list all spells.
The spell is quite dangerous to cast (12% risk of failure)!
Continue anyway?
The fire begins to smoulder!
The fire ignites!
Casting: Conjure Flame (quite dangerous; 12% risk of failure)
Confirm with . or Enter, or press ? or * to list all spells.
You conjure some foxfire!
The foxfire hits Crazy Yiuf.
Crazy Yiuf is lightly wounded.
The foxfire hits Crazy Yiuf.
Crazy Yiuf is moderately wounded.
Casting: Foxfire (safe; 4% risk of failure)
Confirm with . or Enter, or press ? or * to list all spells.
You conjure some foxfire!
The foxfire hits Crazy Yiuf but does no damage.
Crazy Yiuf is moderately wounded.
The foxfire hits Crazy Yiuf.
Crazy Yiuf is moderately wounded.
Casting: Foxfire (safe; 4% risk of failure)
Confirm with . or Enter, or press ? or * to list all spells.
You conjure some foxfire!
The foxfire hits Crazy Yiuf but does no damage.
Crazy Yiuf is moderately wounded.
The foxfire hits Crazy Yiuf.
Crazy Yiuf is heavily wounded.
Unknown command.
Casting: Foxfire (safe; 4% risk of failure)
Confirm with . or Enter, or press ? or * to list all spells.
You conjure some foxfire!
Crazy Yiuf misses you.
The foxfire hits Crazy Yiuf.
Crazy Yiuf is severely wounded.
Crazy Yiuf hits you with a +2 quarterstaff of chaos!
You are electrocuted!!
Ouch! That really hurt!
* * * LOW HITPOINT WARNING * * *
Unknown command.
A red film seems to cover your vision as you go berserk!
You feel yourself moving faster!
You feel mighty!
Crazy Yiuf hits you with a +2 quarterstaff of chaos!
You die...

▓.....#....≈♣♣
▓.....#...≈≈.♣
▓....(#.g≈≈≈≈♣.
▓####'#..≈≈≈≈≈≈
▓[.)..#.≈≈≈≈≈≈.
▓.....#.≈≈≈≈≈..
▓.....#.≈≈≈....
▓'#####........
▓@g............
▓▓▓▓▓▓▓▓▓▓▓▓▓▓▓


You could see Crazy Yiuf.

Vanquished Creatures
  Jessica (D)
  2 endoplasms (D)
  A rat (D)
4 creatures vanquished.

Vanquished Creatures (others)
  29 foxfires (D)
29 creatures vanquished.

Grand Total: 33 creatures vanquished

Notes
Turn   | Place    | Note
-------+----------+-------------------------------------------
     0 | D        | Baz the Draconian Fire Elementalist began the quest for the
                  | Orb.
     0 | D        | Reached XP level 1. HP: 14/14 MP: 3/3
   155 | D        | Reached skill level 1 in Fighting
   220 | D        | Noticed Jessica
   237 | D        | Killed Jessica
   238 | D        | Reached skill level 4 in Fire Magic
   238 | D        | Reached XP level 2. HP: 15/24 MP: 0/6
   238 | D        | Reached XP level 3. HP: 19/29 MP: 0/8
   369 | D        | Learned a level 3 spell: Conjure Flame
   369 | D        | Noticed Crazy Yiuf
   389 | D        | Mangled by Crazy Yiuf

Illustrated notes

Levels and vault maps discovered:
D:        dungeon_sprint_mu [sprint_mu_entry_forest, sprint_mu_temple_rooms,
          sprint_mu_d1_spiders, sprint_mu_d2_genie, sprint_mu_d3_branching,
          sprint_mu_orc_legion, sprint_mu_elf_gauntlet, sprint_mu_hive_nellie,
          sprint_mu_lair_fedhas, sprint_mu_vaults_butterflies,
          sprint_mu_slime_circle, sprint_mu_swamp_cave, sprint_mu_snake_twists,
          sprint_mu_blade_basic, sprint_mu_crypt_fortress,
          sprint_mu_tomb_spiral, sprint_mu_vestibule_basic,
          sprint_mu_gehenna_hellfire, sprint_mu_dis_giant,
          sprint_mu_tartarus_statrot, sprint_mu_cocytus_islands, sprint_mu_zot1]

Skill      XL: |  1 |
---------------+----+-----
Fighting       | 2 |  2.2
Spellcasting   | 3 |  3.7
Conjurations   | 2 |  2.4
Fire Magic     | 4 |  4.6
Dodging        | |  1.7
Stealth        | |  1.7

Action                   || total
-------------------------++-------
Melee: Unarmed           ||     8
       Tailslap          ||     2
 Cast: Foxfire           ||    16
       Conjure Flame     ||     1
  Use: Potion            ||     3
Dodge: Dodged            ||     7
